AoeStats
← WaRe MPaSsioN

Black Forest

509668380Analyzed
4v4 RM · 5d ago on Sep 27, 2026· 43m 34s· 8 players
Game mode
Random Map
Map size
Large (8 player)
Population
200
Speed
Normal
Resources
Standard
Victory
Conquest
Starting age
Dark Age
Ending age
Imperial Age
RankedLock teamsTeams togetherTeam positionsShared explorationLock speedFull tech treeHidden civsTurbo modeCheats
Victory
Defeat
🇵🇪 Inca · Peru
1038
+15
🇭🇰 Burgundians · Hong Kong SAR China
995
+17
🇪🇸 Romans · Spain
963
+18
🇦🇷 Franks · Argentina
858
+23
🇫🇷 Sicilians · France
1046
-19
🇩🇪 Bohemians · Germany
1015
-18
1005
-18
🇲🇽 Teutons · Mexico
999
-18
WaRe MPaSsioN
0:27 Loom
12:59 Feudal Age
22:07 Castle Age
27:17 Wheelbarrow
26:30 Town Watch
30:11 Horse Collar
30:19 Double-Bit Axe
33:50 Imperial Age
31:53 Pikeman
34:53 Conscription
36:07 Ballistics
35:44 Murder Holes
38:15 First Crusade
38:22 Hand Cart
38:08 Town Patrol
38:53 Elite Serjeant
40:35 Fletching
40:46 Scale Mail Armor
40:57 Forging
42:31 Squires
41:53 Halberdier
42:53 Capped Ram
NWGHOST7888
1:08 Loom
11:15 Feudal Age
15:34 Castle Age
17:03 Wheelbarrow
16:23 Double-Bit Axe
24:03 Hand Cart
24:56 Fletching
26:06 Bodkin Arrow
31:10 Town Watch
32:02 Town Patrol
32:34 Bow Saw
32:08 Horse Collar
35:44 Imperial Age
33:43 Gold Mining
34:20 Heavy Plow
37:57 Elite Teutonic Knight
39:15 Pikeman
39:56 Squires
39:41 Gambesons
39:42 Cavalier
41:43 Bloodlines
41:55 Scale Barding Armor
42:01 Forging
41:37 Paladin
41:42 Halberdier
42:33 Padded Archer Armor
42:34 Scale Mail Armor
Thats How We do action in Uganda
3:37 Loom
14:44 Feudal Age
15:38 Horse Collar
18:47 Castle Age
17:03 Fishing Lines
17:10 Double-Bit Axe
17:43 Gold Mining
20:34 Heavy Plow
20:48 Bow Saw
20:42 Gillnets
22:07 Wheelbarrow
21:17 Town Watch
24:40 Gold Shaft Mining
25:10 Fletching
25:20 Padded Archer Armor
25:32 Thumb Ring
26:10 Bloodlines
27:08 Hand Cart
27:04 Husbandry
27:51 Bodkin Arrow
28:11 Leather Archer Armor
28:47 Ballistics
30:06 Stone Mining
33:44 Imperial Age
33:55 Murder Holes
35:31 Two-Man Saw
35:11 Crop Rotation
34:36 Heavy Cavalry Archer
35:43 Parthian Tactics
36:22 Chemistry
35:25 Bracer
35:50 Treadmill Crane
36:21 Masonry
36:19 Caravan
36:47 Recurve Bow
37:08 Conscription
37:36 Ring Archer Armor
39:06 Town Patrol
40:10 Scale Barding Armor
40:10 Corvinian Army
39:32 Elite Magyar Huszar
40:20 Siege Engineers
42:21 Chain Barding Armor
43:37 Plate Barding Armor
Schrobson77
0:50 Loom
14:28 Feudal Age
15:52 Fishing Lines
19:22 Castle Age
18:18 Double-Bit Axe
21:25 Fletching
26:10 Bow Saw
28:18 Wheelbarrow
32:18 Hand Cart
34:40 Imperial Age
31:56 Town Watch
33:18 Pikeman
35:40 Capped Ram
37:30 Chemistry
36:51 Ballistics
37:40 Houfnice
Carloscba6669
6:28 Loom
12:41 Feudal Age
16:50 Town Watch
23:28 Castle Age
22:33 Double-Bit Axe
23:44 Man-at-Arms
30:16 Horse Collar
31:54 Long Swordsman
32:59 Forging
32:50 Scale Mail Armor
33:49 Town Patrol
36:25 Fortified Wall
41:17 Imperial Age
43:08 Chemistry
Taikobo
0:48 Loom
17:47 Feudal Age
19:06 Wheelbarrow
18:27 Double-Bit Axe
18:20 Champi Runner
19:03 Arson
21:01 Scale Mail Armor
21:47 Town Watch
23:51 Forging
24:54 Horse Collar
29:38 Castle Age
28:06 Stone Mining
29:22 Gold Mining
30:40 Hand Cart
30:44 Chain Mail Armor
31:05 Iron Casting
34:55 Bow Saw
34:47 Heavy Plow
35:57 Fletching
36:07 Padded Archer Armor
37:00 Gold Shaft Mining
43:39 Imperial Age
41:06 Bodkin Arrow
42:51 Squires
44:06 Leather Archer Armor
jhonzx11
13:24 Feudal Age
17:26 Castle Age
18:21 Double-Bit Axe
21:49 Bow Saw
32:52 Imperial Age
32:51 Gold Mining
33:30 Husbandry
33:59 Conscription
35:26 Chemistry
34:38 Fortified Wall
34:22 Cavalier
35:44 Forging
35:40 Scale Barding Armor
36:21 Ballistics
37:49 Paladin
39:15 Wheelbarrow
42:29 Iron Casting
cl12272003
1:17 Loom
5:02 Double-Bit Axe
7:56 Horse Collar
11:18 Fishing Lines
14:01 Feudal Age
14:09 Gold Mining
14:48 Heavy Plow
15:01 Bow Saw
14:44 Gillnets
15:41 Gold Shaft Mining
20:20 Castle Age
22:23 Two-Man Saw
22:21 Town Watch
23:12 Wheelbarrow
23:25 Stone Mining
25:23 Stone Shaft Mining
25:37 Hand Cart
27:13 Crop Rotation
27:14 Town Patrol
31:20 Imperial Age
29:38 Guilds
31:43 Coinage
32:33 Forging
32:23 Scale Mail Armor
31:53 Onager
32:35 Cavalier
33:15 Husbandry
35:16 Paladin
37:12 Hoardings
36:59 Conscription
37:01 Scale Barding Armor
37:12 Chain Mail Armor
41:16 Chain Barding Armor
41:27 Plate Mail Armor
41:33 Iron Casting
41:50 Burgundian Vineyards
43:25 Flemish Revolution
Connection lost

Rejoining the realm…

Still unreachable

The connection could not be restored.

Session expired

The server has moved on; the page needs a fresh start.